 Dungeon Crawl Stone Soup version 0.28-a0-793-g31680bbd8b (webtiles) character file.

Game seed: 1156116239557585143

7 demibob the Ruffian (level 2, 26/26 HPs)
             Began as a Ghoul Monk on Nov 4, 2021.
             Was a Believer of Wu Jian.
             Quit the game on level 1 of the Dungeon.
             The game lasted 00:00:15 (288 turns).

demibob the Ruffian (Ghoul Monk)                     Turns: 288, Time: 00:00:16

Health: 26/26      AC:  2    Str: 14    XL:     2   Next: 0%
Magic:  1/1        EV: 12    Int:  5    God:    Wu Jian [**....]
Gold:   9          SH:  0    Dex: 11    Spells: 1/1 levels left

rFire   . . .      SeeInvis .     - Unarmed
rCold   + . .      Faith    .   (no shield)
rNeg    + + +      Spirit   .   a - +0 robe
rPois   ∞          Reflect  .   (no helmet)
rElec   .          Harm     .   (no cloak)
rCorr   .          Rampage  .   (no gloves)
Will    .....                   (no boots)
Stlth   ++........              (no amulet)
HPRegen 0.08/turn               (no ring)
MPRegen 0.07/turn               (no ring)

@: no status effects
A: claws 1, cold resistance 1, negative energy resistance 3, inhibited
regeneration, torment resistance 2
a: Renounce Religion, Wall Jump


You were on level 1 of the Dungeon.
You worshipped Wu Jian.
Wu Jian was pleased with you.
You visited 1 branch of the dungeon, and saw 1 of its levels.

You collected 9 gold pieces.


Innate Abilities, Weirdness & Mutations

You thrive by killing the living.
You are immune to poison.
You have sharp fingernails.
Your flesh is cold resistant. (rC+)
You are immune to negative energy. (rN+++)
You do not regenerate when monsters are visible.
You are immune to unholy pain and torment.


   Skills:
 - Level 3.2 Fighting
 - Level 2.6 Dodging
 - Level 2.1 Stealth
 + Level 3.8 Unarmed Combat


You had one spell level left.
You didn't know any spells.
Your spell library was empty.

Inventory:

Armour
 a - a +0 robe (worn)
Potions
 b - a potion of haste {unknown}

Dungeon Overview and Level Annotations

Branches:
Dungeon (1/15)

Altars:
Wu Jian

##....# #####..
########.....#### ##.
#............##..##
## #.######....##
...# #..###.##.#.#
#(.## #.#...#####.#
##...# ##..8.⌠#....#
#..<.# #.8..#######
##...## ##...#@#⌠#.#
##...# #.#⌠#∩#...##
##..## ######..8.#
#.##...#
#⌠.8..#####..#...##
####...#...###..#...#
#...###..####.......#
#.##.#.#.# #........
#.##.....# ##.......
#.####.### ##......


There were no monsters in sight!


Message History

No target in view!
No target in view!
There is an empty arch of ancient stone here.
There is a faded altar of an unknown god here.
You see here a +0 dagger.
There is an open door, spattered with blood here.
You see here a hobgoblin corpse.
A quokka comes into view.
A quokka is nearby!
A quokka is nearby!
A quokka is nearby!
You scratch the quokka.
The quokka is moderately wounded.
The quokka bites you.
You scratch the quokka.
You kill the quokka!
You feel better.
You have reached level 2!
Search for what [? for help]? alt
There is an open door, spattered with blood here.
You see here a hobgoblin corpse.
HP restored.
There is a faded altar of an unknown god here.
You cannot tell which god this altar belongs to.
Convert to them anyway?
Wu Jian accepts your prayer! The Council welcomes you!
You can now lightly attack monsters by moving around them.
You can now perform airborne attacks.
You can now perform damaging attacks by moving towards foes.
Are you sure you want to abandon this character and quit the game? (Confirm with "yes".)

Action                   || total
-------------------------++-------
Melee: Unarmed           ||    16
Armor: Robe              ||     2
Dodge: Dodged            ||    12

Levels and vault maps discovered:
D:1:      dpeg_arrival_arbitrary_a, layout_loops_corners,
          shapermc_ecumenical_altar_venn, chequers_serial_rivers_micro_e,
          minmay_misc_feat_alley, st_stairs_13, glass_columns_b,
          minmay_pentomino_s4

Notes
Turn   | Place    | Note
-------+----------+-------------------------------------------
     0 | D:1      | demibob the Ghoul Monk began the quest for the Orb.
     0 | D:1      | Reached XP level 1. HP: 19/19 MP: 0/0
   114 | D:1      | Found a faded altar of an unknown god.
   240 | D:1      | Reached XP level 2. HP: 24/26 MP: 1/1
   287 | D:1      | Prayed at the altar of an unknown god.
   287 | D:1      | Became a worshipper of the Wu Jian Council
   287 | D:1      | Reached * piety under Wu Jian
   287 | D:1      | Reached ** piety under Wu Jian
   288 | D:1      | Quit the game

Vanquished Creatures
  A bat (D:1)
  A hobgoblin (D:1)
  2 jackals (D:1)
  A quokka (D:1)
5 creatures vanquished.

Table legend: (Time is in decaauts)
 A = Elapsed time spent in this place.
 B = Non-inter-level travel time spent in this place.
 C = Inter-level travel time spent in this place.
 D = Time resting spent in this place.
 E = Time spent auto-exploring this place.
 F = Levels seen in this place.
 G = Mean time per level.
                   A        B        C        D        E       F      G
               +--------+--------+--------+--------+--------+-----+--------+
         Total |    286 |    239 |     47 |      0 |    211 |   1 |  286.0 |
       Dungeon |    286 |    239 |     47 |      0 |    211 |   1 |  286.0 |
               +--------+--------+--------+--------+--------+-----+--------+

Top non-repeatable levels by time:
     D:1: 286 daAuts

Table legend:
 A = Non-vault XP
 B = Vault XP
 C = Vault XP percentage of total XP
 D = Non-vault monster count
 E = Vault monster count
 F = Vault count percentage of total count
                 A         B        C        D         E       F
            +---------+---------+-------+---------+---------+-------
      Total |      10 |       0 |   0.0 |       5 |       0 |   0.0
            +---------+---------+-------+---------+---------+-------
        D:1 |      10 |       0 |   0.0 |       5 |       0 |   0.0
            +---------+---------+-------+---------+---------+-------
